 Dungeon Crawl Stone Soup version 0.25-a0-558-g78a2afb0af (webtiles) character file.

Game seed: 6487179758413676498, levelgen mode: deterministic

137666 Amnesiac the Thaumaturge (level 17, -2/134 HPs)
             Began as a Gnoll Wizard on Feb 21, 2020.
             Was the Champion of Vehumet.
             Hit by a silver javelin thrown by a merfolk javelineer (17 damage)
             ... on level 2 of the Depths on Feb 26, 2020.
             The game lasted 01:47:45 (36583 turns).

Amnesiac the Thaumaturge (Gnoll Wizard)            Turns: 36583, Time: 01:47:45

Health: -2/134     AC: 17    Str: 13    XL:     17   Next: 24%
Magic:  0/43       EV: 24    Int: 25    God:    Vehumet [******]
Gold:   2902       SH:  7    Dex: 17    Spells: 12/42 levels left

rFire    + . .     SeeInvis .   b - +5 demon blade (freeze)
rCold    + . .     Gourm    .   I - +0 buckler
rNeg     . . .     Faith    .   j - +3 ring mail {rF+}
rPois    +         Spirit   +   p - +2 hat of Qaguenk {rPois}
rElec    .         Reflect  .   L - scarf {Spirit}
rCorr    .         Harm     .   y - +1 pair of gloves {archery}
MR       +....                  M - +0 pair of boots
Stlth    ++++......             E - amulet of the acrobat
HPRegen  0.32/turn              q - ring of magical power
MPRegen  0.28/turn              s - ring "Amyupreg" {+Fly EV+5}

@: very slightly contaminated
A: distributed training, fangs 1, horns 1, rugged brown scales 1, agile 1, cold
resistance 1, screaming 1, strong 1, strong nose
a: Renounce Religion, Evoke Flight


You were on level 2 of the Depths.
You worshipped Vehumet.
Vehumet was exalted by your worship.
You were not hungry.

You visited 6 branches of the dungeon, and saw 27 of its levels.
You also visited: Ice Cave.

You collected 3521 gold pieces.
You spent 619 gold pieces at shops.

Inventory:

Hand Weapons
 b - a +5 demon blade of freezing (weapon)
Armour
 j - a +3 ring mail of fire resistance (worn)
 p - the +2 hat of Qaguenk (worn) {rPois}
   (You found it on level 4 of the Lair of Beasts)

   It protects you from poison.
   If you remove this armour, your AC will decrease by 2 (17 -> 15).
 y - a +1 pair of gloves of archery (worn)
 I - a +0 buckler (worn)
 L - a scarf of spirit shield (worn)
 M - a +0 pair of boots (worn)
Magical Staves
 a - an uncursed staff of power {!a}
 w - an uncursed staff of conjuration {!a}
Jewellery
 q - a ring of magical power (left hand)
 s - the ring "Amyupreg" (right hand) {+Fly EV+5}
   (You found it on level 13 of the Dungeon)

   [ring of evasion]

   It affects your evasion (+5).
   It lets you fly.
 u - an uncursed ring of wizardry
 B - an uncursed ring of ice
 E - an amulet of the acrobat (around neck)
 F - an uncursed ring of fire
Wands
 f - a wand of digging (8)
 l - a wand of acid (1)
 r - a wand of paralysis (3)
Scrolls
 c - 3 scrolls of fog {!r}
 e - a scroll of torment {!r}
 g - 14 scrolls of identify {!r}
 n - 10 scrolls of teleportation {!r}
 o - 9 scrolls of remove curse {!r}
 v - 10 scrolls of enchant armour {!r}
 C - 7 scrolls of blinking {!r}
 G - 3 scrolls of silence {!r}
 H - a scroll of magic mapping {!r}
 N - a scroll of enchant weapon {!r}
 O - a scroll of fear {!r, unknown}
 R - a scroll of summoning {!r}
 S - a scroll of acquirement {!r, unknown}
Potions
 h - 8 potions of haste {!q}
 i - 4 potions of curing {!q}
 k - 3 potions of brilliance {!q}
 m - a potion of ambrosia {!q, unknown}
 t - a potion of mutation {!q}
 x - 2 potions of heal wounds {!q}
 z - 3 potions of resistance {!q}
 A - a potion of magic {!q, unknown}
 J - 3 potions of flight {!q}
 K - 3 potions of might {!q}
 Q - a potion of lignification {!q}
Comestibles
 d - 24 rations


   Skills:
 + Level 11.2 Fighting
 + Level 11.2 Short Blades
 + Level 11.2 Long Blades
 + Level 11.2 Axes
 + Level 11.2 Maces & Flails
 + Level 11.2 Polearms
 + Level 11.2 Staves
 + Level 11.2 Slings
 + Level 11.2 Bows
 + Level 11.2 Crossbows
 + Level 11.2 Throwing
 + Level 11.2 Armour
 + Level 12.0 Dodging
 + Level 11.9 Stealth
 + Level 11.2 Shields
 + Level 11.2 Unarmed Combat
 + Level 13.0 Spellcasting
 + Level 9.8 Conjurations
 + Level 9.5 Hexes
 + Level 9.5 Charms
 + Level 9.8 Summonings
 + Level 9.5 Necromancy
 + Level 9.8 Translocations
 + Level 9.5 Transmutations
 + Level 9.5 Fire Magic
 + Level 9.5 Ice Magic
 + Level 9.5 Air Magic
 + Level 9.5 Earth Magic
 + Level 9.5 Poison Magic
 + Level 12.1 Invocations
 + Level 11.2 Evocations


You had 12 spell levels left.
You knew the following spells:

 Your Spells              Type           Power        Failure   Level  Hunger
b - Call Imp              Summ           ######..     1%          2    None
c - Magic Dart            Conj           ####         1%          1    None
d - Irradiate             Conj/Tmut      ######....   1%          5    ###....
e - Iron Shot             Conj/Erth      ######....   5%          6    #####..
f - Starburst             Conj/Fire      ######....   5%          6    #####..
g - Lee's Rapid Deconstr  Erth           ######....   1%          5    ###....
h - Mephitic Cloud        Conj/Pois/Air  ######..     1%          3    None
v - Blink                 Tloc           N/A          1%          2    None

Your spell library contained the following spells:

 Spells                   Type           Power        Failure   Level  Hunger
 Conjure Ball Lightning   Conj/Air       ######....   5%          6    #####..
 Animate Skeleton         Necr           N/A          1%          1    None
 Apportation              Tloc           ######       1%          1    None
 Beastly Appendage        Tmut           ######       1%          1    None
 Corona                   Hex            ######.      1%          1    None
 Foxfire                  Conj/Fire      ####         1%          1    None
 Infusion                 Chrm           ####         1%          1    None
 Pain                     Necr           ####         1%          1    None
 Sting                    Tmut/Pois      ####         1%          1    None
 Summon Small Mammal      Summ           ####         1%          1    None
 Poisonous Vapours        Pois/Air       ######       1%          2    None
 Searing Ray              Conj           ######       1%          2    None
 Shroud of Golubria       Chrm/Tloc      ######       1%          2    None
 Slow                     Hex            ######..     1%          2    None
 Song of Slaying          Chrm           ######..     1%          2    None
 Conjure Flame            Conj/Fire      ######..     1%          3    None
 Dazzling Flash           Conj/Hex       ######       1%          3    None
 Ignite Poison            Fire/Tmut/Pois ######..     1%          3    None
 Inner Flame              Hex/Fire       ######..     1%          3    None
 Ozocubu's Armour         Chrm/Ice       ######..     1%          3    None
 Spectral Weapon          Hex/Chrm       ######..     1%          3    None
 Vampiric Draining        Necr           ######....   1%          3    None
 Animate Dead             Necr           N/A          1%          4    None
 Fulminant Prism          Conj/Hex       ######....   1%          4    None
 Iskenderun's Mystic Bla  Conj/Tloc      ######..     1%          4    None
 Leda's Liquefaction      Hex/Erth       ######....   1%          4    None
 Olgreb's Toxic Radiance  Pois           ######..     1%          4    None
 Sticky Flame             Conj/Fire      ######..     1%          4    None
 Bolt of Magma            Conj/Fire/Erth ######....   1%          5    ###....
 Fireball                 Conj/Fire      ######....   1%          5    ###....
 Iskenderun's Battlesphe  Conj/Chrm      ######..     1%          5    ###....
 Agony                    Necr           ######..     3%          5    ###....
 Blade Hands              Tmut           ######....   3%          5    ###....
 Statue Form              Tmut/Erth      ######...    21%         6    #####..
 Orb of Destruction       Conj           ######....   24%         7    ######.
 Spellforged Servitor     Conj/Summ      ######....   24%         7    ######.
 Dragon Form              Tmut           ######....   73%         7    ######.
 Shatter                  Erth           ######....   100%        9    #######


Dungeon Overview and Level Annotations

Branches:
Dungeon (15/15)            Temple (1/1) D:4            Lair (6/6) D:11
 Shoals (0/4) Lair:3        Snake (1/4) Lair:2        Slime (0/5) Lair:5
    Orc (2/2) D:10            Elf (0/3) Orc:2        Vaults (0/5) D:14
 Depths (2/5) D:15          IceCv (visited)

Altars:
Ashenzari
Cheibriados
Dithmenos
Elyvilon
Fedhas
Gozag
Hepliaklqana
Kikubaaqudgha
Makhleb
Nemelex Xobeh
Okawaru
Qazlal
Ru
Sif Muna
Trog
Uskayaw
Vehumet
Wu Jian
Xom
Yredelemnul
Zin
The Shining One
Beogh
Jiyva

Shops:
D:6 }   D:14 *   Orc:2 *([**

Portals:
Hell: Depths:1
Abyss: Depths:1

Annotations:
D:3 Robin
D:4 exclusion: moth of wrath, Menkaure


Innate Abilities, Weirdness & Mutations

Your experience applies equally to all skills.
You have very sharp teeth.
Your uncanny sense of smell can sniff out nearby items.
You have a pair of small horns on your head.
You are partially covered in rugged brown scales. (AC +1, +3% HP)
You are agile. (Dex +2)
Your flesh is cold resistant. (rC+)
You occasionally shout uncontrollably at your foes.
Your muscles are strong. (Str +2)


Message History

The iron shot hits the merfolk javelineer!!
The merfolk javelineer is severely wounded.
You hear a deafening roar!
The merfolk javelineer throws a silver javelin.
The silver javelin pierces through you!!
The silver sears you!
Casting: Iron Shot (slightly dangerous; 5% risk of failure)
Confirm with . or Enter, or press ? or * to list all spells.
You don't have enough magic to cast that spell.
Casting: Iron Shot (slightly dangerous; 5% risk of failure)
Confirm with . or Enter, or press ? or * to list all spells.
You don't have enough magic to cast that spell.
Casting: Iron Shot (slightly dangerous; 5% risk of failure)
Confirm with . or Enter, or press ? or * to list all spells.
You don't have enough magic to cast that spell.
Casting: Iron Shot (slightly dangerous; 5% risk of failure)
Confirm with . or Enter, or press ? or * to list all spells.
You don't have enough magic to cast that spell.
You block the merfolk javelineer's attack.
The merfolk javelineer throws a silver javelin.
The silver javelin pierces through you!!
* * * LOW HITPOINT WARNING * * *
The silver sears you!
* * * LOW HITPOINT WARNING * * *
You feel your magic capacity increase.
a - an uncursed staff of power (weapon)
{!a} The merfolk javelineer throws a silver javelin.
The silver javelin pierces through you!
* * * LOW HITPOINT WARNING * * *
The silver sears you!
* * * LOW HITPOINT WARNING * * *
Really attack while wielding your uncursed staff of power {!a}? [Y]es or [N]o only, please.
Really attack while wielding your uncursed staff of power {!a}?
Okay, then.
You feel your magic capacity decrease.
w - an uncursed staff of conjuration (weapon)
{!a} Unknown command.
Your +5 demon blade of freezing glows with a cold blue light!
b - a +5 demon blade of freezing (weapon)
The merfolk javelineer throws a silver javelin.
The silver javelin barely misses you.
You hit the merfolk javelineer. You freeze the merfolk javelineer.
You headbutt the merfolk javelineer, but do no damage.
The merfolk javelineer is severely wounded.
The merfolk javelineer throws a silver javelin.
The silver javelin pierces through you!!
* * * LOW HITPOINT WARNING * * *
The silver sears you!
* * * LOW HITPOINT WARNING * * *
You slash the merfolk javelineer! You freeze the merfolk javelineer.
The merfolk javelineer is almost dead.
You hit the merfolk javelineer. You freeze the merfolk javelineer.
The merfolk javelineer is almost dead.
The merfolk javelineer throws a silver javelin.
The silver javelin pierces through you but does no damage.
The silver sears you!
* * * LOW HITPOINT WARNING * * *
You hit the merfolk javelineer. You freeze the merfolk javelineer.
You headbutt the merfolk javelineer.
The merfolk javelineer is almost dead.
The merfolk javelineer throws a silver javelin.
The silver javelin pierces through you!!
You die...

#.#.........#
##...........#
#..........###
...........<.#
##.........#
#..)..)....###
......)#(#.(.....#
#^.≈≈..###......(#
...≈≈≈. #.(..(@##
..≈≈≈≈≈ ##.(.m##
#..≈≈≈≈ #.....#
#...... ......#..#
....≈..c....###..m..
..c...## ##...
...... .### ...... .
≈≈≈...


You could see a merfolk javelineer.

Vanquished Creatures
  A caustic shrike (Depths:1)
  A tentacled monstrosity (Depths:1)
  Frances (D:12)
  A fire giant (Depths:1)
  Roxanne (D:15)
  2 orc warlords (Orc:2)
  4 stone giants
  2 very ugly things (Depths:1)
  Nessos (D:13)
  2 ettins (Depths:1)
  Josephine (D:10)
  A great orb of eyes (Depths:1)
  6 fire dragons
  A rakshasa (Depths:1)
  3 hydras
  3 ice dragons (Depths:1)
  8 vault guards (D:14)
  7 centaur warriors
  A hell beast (D:11)
  A death knight (D:15)
  An anaconda (Lair:4)
  An ogre mage (Depths:1)
  5 two-headed ogres
  Erica (Orc:1)
  A titan zombie (D:15)
  2 tengu warriors (Depths:1)
  A spriggan berserker (Depths:1)
  An orc high priest (Orc:2)
  A titan skeleton (D:15)
  2 skeletal warriors (D:15)
  A fire crab (Lair:6)
  4 hell knights (Depths:1)
  A wizard (Depths:1)
  A flayed ghost (D:15)
  5 unseen horrors
  A golden dragon skeleton (D:15)
  3 necromancers
  2 orc sorcerers (Orc:2)
  2 orc knights (Orc:2)
  2 wolf spiders (Lair:6)
  A cyclops (D:14)
  3 deep elf magi
  2 large abominations (Depths:1)
  17 ugly things
  7 slime creatures
  A manticore (D:12)
  6 elephants (Lair:4)
  A guardian serpent (Lair:6)
  14 black mambas
  3 ice statues
  Joseph (D:7)
  An orange demon (D:11)
  A naga mage (Snake:1)
  12 spiny frogs
  3 kobold demonologists
  A freezing wraith (D:15)
  15 rime drakes
  An efreet (D:15)
  6 komodo dragons
  2 yaktaurs (Depths:2)
  9 ice devils
  A guardian mummy (D:15)
  A merfolk (Lair:3)
  7 trolls
  A red devil (D:11)
  A tengu conjurer (Depths:1)
  3 polar bears
  A queen bee (D:9)
  2 hornets (Lair:6)
  Prince Ribbit (D:6)
  7 blink frogs
  A harpy skeleton (D:15)
  Grinder (D:6)
  A spriggan zombie (D:15)
  11 dream sheep
  10 hippogriffs
  2 shadows
  5 spriggans (Lair:3)
  29 yaks
  3 redbacks (Lair:6)
  7 wraiths
  16 wyverns
  A vampire (D:10)
  A basilisk (D:14)
  3 hungry ghosts
  6 steam dragons (Lair:4)
  2 vampire mosquitoes (D:14)
  5 chaos spawn (Depths:1)
  A naga (Lair:2)
  25 water moccasins
  10 porcupines
  2 soldier ants
  35 orc warriors
  3 sky beasts
  A black bear (Lair:5)
  15 ice beasts
  3 necrophages
  4 wolves (Lair:6)
  25 ogres
  A phantom (D:11)
  5 centaurs
  4 small abominations (Depths:1)
  13 crocodiles
  3 big kobolds
  23 bullfrogs
  4 scorpions
  A water moccasin skeleton (D:6)
  18 killer bees (D:9)
  4 howler monkeys
  6 centaur zombies
  4 crimson imps
  A hound (D:6)
  31 orc priests
  2 bullfrog zombies
  A jelly (D:14)
  2 quasits (D:6)
  Crazy Yiuf (D:7)
  31 orc wizards
  5 centaur skeletons
  6 iron imps
  9 iguanas
  15 worker ants
  2 hound zombies
  2 hound skeletons
  A howler monkey skeleton (D:9)
  A howler monkey zombie (D:6)
  5 gnolls
  11 adders
  3 shadow imps
  12 white imps
  5 ufetubi (IceCv)
  2 adder skeletons
  9 worms
  A leopard gecko (D:5)
  143 orcs
  3 ball pythons
  6 giant cockroaches
  13 goblins
  13 hobgoblins
  15 jackals
  15 kobolds
  3 quokkas
  4 bats
  7 frilled lizards
  2 leopard gecko skeletons
  2 quokka zombies
  12 rats
  A bush (D:11)
  4 fungi
  3 plants (Lair:6)
936 creatures vanquished.

Vanquished Creatures (collateral kills)
  Maurice (Orc:2)
  A troll (D:9)
  An orc warrior (Orc:2)
  A killer bee (D:9)
  A gnoll shaman (Orc:2)
  4 gnolls (Orc:2)
9 creatures vanquished.

Vanquished Creatures (others)
  A reaper (IceCv)
  A killer bee (D:9)
  An orc wizard (Orc:1)
  2 white imps (IceCv)
  4 ufetubi (IceCv)
  2 bushes (D:11)
  476 foxfires
  13 fungi
  34 plants
534 creatures vanquished.

Grand Total: 1479 creatures vanquished

Notes
Turn   | Place    | Note
-------+----------+-------------------------------------------
     0 | D:1      | Amnesiac the Gnoll Wizard began the quest for the Orb.
     0 | D:1      | Reached XP level 1. HP: 13/13 MP: 8/8
   222 | D:1      | You fall into a shaft and drop 1 floor!
   360 | D:1      | Reached XP level 2. HP: 19/19 MP: 6/10
   880 | D:1      | Learned a level 2 spell: Call Imp
   885 | D:2      | Learned a level 2 spell: Blink
  1114 | D:2      | Reached XP level 3. HP: 24/25 MP: 4/11
  1119 | D:2      | Learned a level 3 spell: Conjure Flame
  1123 | D:2      | Learned a level 3 spell: Mephitic Cloud
  1489 | D:3      | Reached skill level 1 in Invocations
  1699 | D:3      | Reached skill level 1 in Fighting
  1699 | D:3      | Reached skill level 1 in Short Blades
  1699 | D:3      | Reached skill level 1 in Long Blades
  1699 | D:3      | Reached skill level 1 in Axes
  1699 | D:3      | Reached skill level 1 in Maces & Flails
  1699 | D:3      | Reached skill level 1 in Polearms
  1699 | D:3      | Reached skill level 1 in Staves
  1699 | D:3      | Reached skill level 1 in Slings
  1699 | D:3      | Reached skill level 1 in Bows
  1699 | D:3      | Reached skill level 1 in Crossbows
  1699 | D:3      | Reached skill level 1 in Throwing
  1699 | D:3      | Reached skill level 1 in Armour
  1699 | D:3      | Reached skill level 1 in Shields
  1699 | D:3      | Reached skill level 1 in Unarmed Combat
  1699 | D:3      | Reached skill level 1 in Evocations
  1759 | D:3      | Reached XP level 4. HP: 30/32 MP: 8/13
  1775 | D:3      | Reached skill level 1 in Hexes
  1775 | D:3      | Reached skill level 1 in Charms
  1775 | D:3      | Reached skill level 1 in Necromancy
  1775 | D:3      | Reached skill level 1 in Transmutations
  1775 | D:3      | Reached skill level 1 in Fire Magic
  1775 | D:3      | Reached skill level 1 in Ice Magic
  1775 | D:3      | Reached skill level 1 in Air Magic
  1775 | D:3      | Reached skill level 1 in Earth Magic
  1775 | D:3      | Reached skill level 1 in Poison Magic
  1775 | D:3      | Reached XP level 5. HP: 35/37 MP: 4/14
  1987 | D:4      | Noticed Menkaure
  2117 | D:5      | Entered Level 5 of the Dungeon
  2117 | D:5      | Noticed a centaur
  2129 | D:5      | Killed a centaur
  2129 | D:5      | Reached XP level 6. HP: 44/44 MP: 6/16
  2263 | D:4      | Reached skill level 5 in Dodging
  2297 | D:4      | Found a hide-covered altar of Uskayaw.
  2405 | D:4      | Found a staircase to the Ecumenical Temple.
  2414 | Temple   | Entered the Ecumenical Temple
  2479 | Temple   | Became a worshipper of Ashenzari the Shackled
  2804 | D:4      | Reached XP level 7. HP: 50/50 MP: 5/18
  3640 | D:3      | Noticed Robin
  4165 | D:4      | Noticed a moth of wrath
  4168 | D:4      | Found a bloodstained altar of Trog.
  4604 | D:5      | Gained mutation: You have a pair of small horns on your
                  | head. [potion of mutation]
  4604 | D:5      | Gained mutation: You are dopey. (Int -2) [potion of
                  | mutation]
  4604 | D:5      | Gained mutation: You are somewhat resistant to further
                  | mutation. [potion of mutation]
  4605 | D:5      | Lost mutation: You are dopey. (Int -2) [potion of mutation]
  4605 | D:5      | Lost mutation: You are somewhat resistant to further
                  | mutation. [potion of mutation]
  4605 | D:5      | Gained mutation: Your flesh is cold resistant. (rC+)
                  | [potion of mutation]
  4605 | D:5      | Gained mutation: You expend magic power (3 MP) to
                  | strengthen your wands. [potion of mutation]
  4626 | D:5      | Reached skill level 5 in Stealth
  4808 | D:5      | Found an opulent altar of Gozag.
  4910 | D:5      | Reached XP level 8. HP: 52/57 MP: 19/19
  5136 | D:5      | Got the uncursed robe of Spite {rElec MR+ Int+4}
  5147 | D:5      | Identified the +0 robe of Spite {rElec MR+ Int+4} (You
                  | found it on level 5 of the Dungeon)
  5424 | D:6      | Noticed Grinder
  5487 | D:6      | Paralysed by Grinder for 3 turns
  5491 | D:6      | Paralysed by Grinder for 5 turns
  5502 | D:6      | Paralysed by Grinder for 6 turns
  5516 | D:6      | Paralysed by Grinder for 5 turns
  5734 | D:5      | Learned a level 2 spell: Call Imp
  5789 | D:6      | Paralysed by Grinder for 3 turns
  5807 | D:6      | Killed Grinder
  6004 | D:6      | Reached skill level 8 in Spellcasting
  6062 | D:6      | Reached * piety under Ashenzari
  6399 | D:6      | Found a shimmering blue altar of Sif Muna.
  6497 | D:6      | Found Wuckauhy's Gadget Shop.
  6674 | D:6      | Reached XP level 9. HP: 65/65 MP: 11/21
  6826 | D:6      | Found a radiant altar of Vehumet.
  7375 | D:6      | Fell from the grace of Ashenzari
  7375 | D:6      | Became a worshipper of Vehumet
  7481 | D:7      | Found a snail-covered altar of Cheibriados.
  7701 | D:7      | Noticed Prince Ribbit
  7710 | D:6      | Learned a level 1 spell: Foxfire
  7729 | D:6      | Killed Prince Ribbit
  7876 | D:7      | Learned a level 5 spell: Fireball
  8323 | D:7      | Noticed Joseph
  8671 | D:7      | Found a runed translucent door.
  8671 | D:7      | Noticed Crazy Yiuf
  8681 | D:7      | Killed Crazy Yiuf
  8817 | D:7      | Killed Joseph
  8883 | D:7      | You fall into a shaft and drop 1 floor!
  8992 | D:8      | Found a shimmering altar of Xom.
  9008 | D:8      | Reached * piety under Vehumet
  9008 | D:8      | Offered knowledge of Shock by Vehumet.
  9090 | D:8      | Reached skill level 5 in Invocations
  9307 | D:8      | Found a sparkling altar of Nemelex Xobeh.
  9355 | D:8      | Found an ornate altar of the Wu Jian Council.
  9721 | D:8      | Found an opulent altar of Gozag.
  9836 | D:9      | Reached XP level 10. HP: 59/73 MP: 22/22
 10324 | D:9      | Reached skill level 5 in Fighting
 10324 | D:9      | Reached skill level 5 in Short Blades
 10324 | D:9      | Reached skill level 5 in Long Blades
 10324 | D:9      | Reached skill level 5 in Axes
 10324 | D:9      | Reached skill level 5 in Maces & Flails
 10324 | D:9      | Reached skill level 5 in Polearms
 10324 | D:9      | Reached skill level 5 in Staves
 10324 | D:9      | Reached skill level 5 in Slings
 10324 | D:9      | Reached skill level 5 in Bows
 10324 | D:9      | Reached skill level 5 in Crossbows
 10324 | D:9      | Reached skill level 5 in Throwing
 10324 | D:9      | Reached skill level 5 in Armour
 10324 | D:9      | Reached skill level 5 in Shields
 10324 | D:9      | Reached skill level 5 in Unarmed Combat
 10324 | D:9      | Reached skill level 5 in Evocations
 10809 | D:9      | Offered knowledge of Searing Ray by Vehumet.
 10819 | D:9      | HP: 1/74 [killer bee (14)]
 10821 | D:9      | Reached ** piety under Vehumet
 11112 | D:9      | Reached skill level 9 in Spellcasting
 11508 | D:9      | Was forgiven by Ashenzari
 11508 | D:9      | Reached skill level 5 in Conjurations
 11508 | D:9      | Reached skill level 5 in Summonings
 11508 | D:9      | Reached skill level 5 in Translocations
 11876 | D:9      | Offered knowledge of Stone Arrow by Vehumet.
 12009 | D:9      | Reached *** piety under Vehumet
 12157 | D:9      | Got an ancient bardiche
 12196 | D:9      | Found a burning altar of Makhleb.
 12284 | D:10     | Entered Level 10 of the Dungeon
 12301 | D:10     | Reached XP level 11. HP: 68/81 MP: 24/24
 12511 | D:10     | Found a staircase to the Orcish Mines.
 12592 | D:10     | Noticed Josephine
 12632 | D:9      | Identified the cursed +3 bardiche "Leviticus" {distort,
                  | Int+4} (You found it on level 9 of the Dungeon)
 12951 | D:10     | Offered knowledge of Static Discharge by Vehumet.
 13642 | D:10     | Reached skill level 5 in Hexes
 13642 | D:10     | Reached skill level 5 in Charms
 13642 | D:10     | Reached skill level 5 in Necromancy
 13642 | D:10     | Reached skill level 5 in Transmutations
 13642 | D:10     | Reached skill level 5 in Fire Magic
 13642 | D:10     | Reached skill level 5 in Ice Magic
 13642 | D:10     | Reached skill level 5 in Air Magic
 13642 | D:10     | Reached skill level 5 in Earth Magic
 13642 | D:10     | Reached skill level 5 in Poison Magic
 13650 | D:10     | Killed Josephine
 14376 | D:11     | Noticed a white ugly thing
 14385 | D:11     | Killed a white ugly thing
 14447 | D:11     | Reached **** piety under Vehumet
 14783 | D:11     | Found a burning altar of Makhleb.
 14783 | D:11     | Noticed a hell beast
 14839 | D:11     | Offered knowledge of Lightning Bolt by Vehumet.
 15116 | D:11     | Reached XP level 12. HP: 30/89 MP: 19/25
 15265 | D:11     | Found a staircase to the Lair.
 15326 | D:11     | Killed a hell beast
 15666 | D:11     | Reached skill level 10 in Spellcasting
 15802 | Orc:1    | Entered Level 1 of the Orcish Mines
 15913 | Orc:2    | Entered Level 2 of the Orcish Mines
 15971 | Orc:2    | Found a frozen archway.
 15981 | IceCv    | Entered an ice cave
 16019 | IceCv    | Reached ***** piety under Vehumet
 16020 | IceCv    | Offered knowledge of Starburst by Vehumet.
 16353 | IceCv    | Killed a reaper
 16803 | Orc:2    | Found a staircase to the Elven Halls.
 16806 | Orc:2    | Noticed an orc warlord
 16830 | Orc:2    | Killed an orc warlord
 16835 | Orc:2    | Noticed Maurice
 16849 | Orc:2    | Killed Maurice
 17348 | Orc:2    | Noticed a stone giant
 17658 | Orc:2    | Found a roughly hewn altar of Beogh.
 17700 | Orc:2    | Found Ronaileg's Assorted Antiques.
 17709 | Orc:2    | Bought a bubbling purple potion for 27 gold pieces
 17761 | Orc:2    | Learned a level 6 spell: Starburst
 17777 | Orc:2    | Killed a stone giant
 17817 | Orc:2    | Offered knowledge of Lee's Rapid Deconstruction by Vehumet.
 17817 | Orc:2    | Reached XP level 13. HP: 87/98 MP: 4/27
 18244 | Orc:2    | Noticed an orc warlord
 18250 | Orc:2    | Killed an orc warlord
 18266 | Orc:2    | Found Locwipet's Antique Weapon Boutique.
 18267 | Orc:2    | Found a roughly hewn altar of Beogh.
 18268 | Orc:2    | Found Cuyplae's Antique Armour Shop.
 18301 | Orc:2    | Found Dochat's Assorted Antiques.
 18308 | Orc:2    | Bought a bubbling red potion for 29 gold pieces
 18308 | Orc:2    | Bought a pair of runed gloves for 247 gold pieces
 18313 | Orc:2    | Bought a pair of boots for 148 gold pieces
 18337 | Orc:2    | Found a roughly hewn altar of Beogh.
 18346 | Orc:2    | Found Hipump's General Store.
 18352 | Orc:2    | Bought a potion of heal wounds for 60 gold pieces
 18468 | Orc:2    | Found a roughly hewn altar of Beogh.
 18650 | Orc:2    | Found a roughly hewn altar of Beogh.
 18809 | Orc:2    | Bought a faintly humming robe for 108 gold pieces
 18819 | Orc:2    | Identified the cursed +0 robe "Fyphep" {rElec} (You bought
                  | it in a shop on level 2 of the Orcish Mines)
 18847 | Orc:2    | Gained mutation: Armour fits poorly on your strangely
                  | shaped body. [mutagenic glow]
 18882 | Orc:2    | Gained mutation: Your muscles are strong. (Str +2)
                  | [mutagenic glow]
 18915 | Orc:2    | Gained mutation: You occasionally shout uncontrollably at
                  | your foes. [mutagenic glow]
 18945 | Orc:1    | Gained mutation: Your spells are a little easier to cast,
                  | but a little less powerful. [mutagenic glow]
 19231 | Orc:1    | Noticed Erica
 19267 | Orc:1    | Killed Erica
 19622 | Orc:2    | Learned a level 5 spell: Lee's Rapid Deconstruction
 19740 | Lair:1   | Entered Level 1 of the Lair of Beasts
 20396 | Lair:1   | Offered knowledge of Bolt of Magma by Vehumet.
 20408 | Lair:1   | Learned a level 5 spell: Bolt of Magma
 20811 | Lair:2   | Found a staircase to the Snake Pit.
 22005 | Snake:1  | Entered Level 1 of the Snake Pit
 22190 | Lair:3   | Reached skill level 11 in Spellcasting
 22844 | Lair:3   | Paralysed by a spriggan for 6 turns
 22859 | Lair:3   | Reached XP level 14. HP: 99/106 MP: 6/29
 23155 | Lair:3   | Found a staircase to the Shoals.
 23368 | Lair:4   | Got a smoking hat
 23635 | Lair:4   | Offered knowledge of Irradiate by Vehumet.
 23680 | Lair:4   | Reached skill level 10 in Dodging
 24453 | Lair:4   | Learned a level 5 spell: Irradiate
 24517 | Lair:4   | Reached skill level 10 in Stealth
 24878 | Lair:4   | Reached skill level 10 in Invocations
 25642 | Lair:5   | Found a staircase to the Slime Pits.
 25649 | Lair:5   | Identified the +2 hat of Qaguenk {rPois} (You found it on
                  | level 4 of the Lair of Beasts)
 25649 | Lair:5   | Found a viscous altar of Jiyva.
 25690 | Lair:5   | Got a pitted quarterstaff
 26004 | Lair:6   | Entered Level 6 of the Lair of Beasts
 26338 | Lair:6   | Offered knowledge of Freezing Cloud by Vehumet.
 26631 | Lair:6   | Reached XP level 15. HP: 105/114 MP: 30/30
 27515 | Lair:6   | Learned a level 6 spell: Iron Shot
 28047 | D:12     | Noticed Frances
 28132 | D:12     | Killed Frances
 29131 | D:13     | Lost mutation: Your spells are a little easier to cast, but
                  | a little less powerful. [potion of mutation]
 29131 | D:13     | Lost mutation: You expend magic power (3 MP) to strengthen
                  | your wands. [potion of mutation]
 29131 | D:13     | Lost mutation: You have a pair of small horns on your head.
                  | [potion of mutation]
 29131 | D:13     | Lost mutation: Armour fits poorly on your strangely shaped
                  | body. [potion of mutation]
 29131 | D:13     | Gained mutation: You have a pair of small horns on your
                  | head. [potion of mutation]
 29131 | D:13     | Gained mutation: You are agile. (Dex +2) [potion of
                  | mutation]
 29131 | D:13     | Gained mutation: You are partially covered in rugged brown
                  | scales. (AC +1, +3% HP) [potion of mutation]
 29163 | D:13     | Reached skill level 12 in Spellcasting
 29271 | D:13     | Noticed Nessos
 29278 | D:13     | Killed Nessos
 29340 | D:13     | Offered knowledge of Conjure Ball Lightning by Vehumet.
 29422 | D:13     | Reached skill level 10 in Fighting
 29422 | D:13     | Reached skill level 10 in Short Blades
 29422 | D:13     | Reached skill level 10 in Long Blades
 29422 | D:13     | Reached skill level 10 in Axes
 29422 | D:13     | Reached skill level 10 in Maces & Flails
 29422 | D:13     | Reached skill level 10 in Polearms
 29422 | D:13     | Reached skill level 10 in Staves
 29422 | D:13     | Reached skill level 10 in Slings
 29422 | D:13     | Reached skill level 10 in Bows
 29422 | D:13     | Reached skill level 10 in Crossbows
 29422 | D:13     | Reached skill level 10 in Throwing
 29422 | D:13     | Reached skill level 10 in Armour
 29422 | D:13     | Reached skill level 10 in Shields
 29422 | D:13     | Reached skill level 10 in Unarmed Combat
 29422 | D:13     | Reached skill level 10 in Evocations
 29743 | D:13     | Got a flickering granite ring
 29768 | D:13     | Identified the ring "Amyupreg" {+Fly EV+5} (You found it on
                  | level 13 of the Dungeon)
 29986 | D:14     | Found a gate to the Vaults.
 30161 | D:14     | Found Gaorud's General Store.
 31150 | D:14     | Reached XP level 16. HP: 125/125 MP: 32/32
 31269 | D:15     | Entered Level 15 of the Dungeon
 31615 | D:14     | Upgraded the game from 0.25-a0-547-g27a0b5d1ef to
                  | 0.25-a0-558-g78a2afb0af
 32690 | D:15     | Identified Roxanne's Guide on Transmigration
 32690 | D:15     | Noticed Roxanne
 32844 | D:15     | Killed Roxanne
 33034 | D:15     | Found a staircase to the Depths.
 33830 | Shoals:4 | Identified a paperback manual
 33830 | Depths:1 | Entered Level 1 of the Depths
 34760 | Depths:1 | Noticed a tentacled monstrosity
 34772 | Depths:1 | Killed a tentacled monstrosity
 34826 | Depths:1 | Reached ****** piety under Vehumet
 35069 | Depths:1 | Found an iron altar of Okawaru.
 35221 | Depths:1 | Found a one-way gate to the infinite horrors of the Abyss.
 35573 | Depths:1 | Reached XP level 17. HP: 110/134 MP: 10/33
 35924 | Depths:1 | Noticed a caustic shrike
 35930 | Depths:1 | Killed a caustic shrike
 36330 | Depths:1 | Found a gateway to Hell.
 36500 | Depths:2 | Reached skill level 13 in Spellcasting
 36583 | Depths:2 | Hit by a silver javelin thrown by a merfolk javelineer

Levels and vault maps discovered:
D:1:      dpeg_arrival_signposts, layout_basic
D:2:      cheibrodos_helix_gallery, layout_loops_cross, minmay_quantized
D:3:      layout_loops_ring, uniq_robin
D:4:      layout_basic, nicolae_overflow_hidden_temple, temple_hall,
          first_ration, tgw_trog, uniq_menkaure
D:5:      layout_rooms, basic_altar
D:6:      cheibrodos_barr_body, layout_layer_cave, lemuel_round_altar,
          basic_altar, serial_shops, shop, uniq_grinder
D:7:      layout_layer_cave, slow_altar_1, uniq_prince_ribbit1, uniq_joseph,
          uniq_crazy_yiuf_cottage
D:8:      layout_basic, lemuel_crystal_altar, old_standard_altar,
          marbit_many_paths, lemuel_coloured_pillars_altar
D:9:      layout_cave_pools, makhleb_blood_cavern_becter, david_nohive_1,
          minmay_door_square
D:10:     layout_layer_cave, orc_0_dummy, uniq_josephine
D:11:     layout_roguey, minmay_lair_entry_grove, special_room
          [special_room_orc], lemuel_hellish_altar
D:12:     layout_irregular_city, uniq_frances
D:13:     layout_stronghold, uniq_nessos
D:14:     layout_cave_pools, erik_vaults_2, serial_column_ruins,
          column_ruins_square_medium, column_ruins_square_medium,
          column_ruins_open_tiny_water, column_ruins_grid_4,
          column_ruins_columns_straight, column_ruins_open_large,
          column_ruins_grid_1, column_ruins_open_medium_water,
          column_ruins_corridor_corner, hangedman_decor_clover_reticule,
          serial_shops, kennysheep_mini
D:15:     gammafunk_depths_entry_grave, layout_basic,
          corexii_hall_statues_deadend, uniq_roxanne
Temple:   eino_temple_water
Lair:1:   layout_cave_shapes, beast_lair_carwin_9
Lair:2:   layout_cave_pods, guppyfry_snake_entry_island, serial_bayou_shore_b,
          grunt_megastairs_1
Lair:3:   layout_regular_city, elwin_shoals_entry_rooms,
          minmay_stone_trees_small, wad_woods_01, grunt_megastairs_3
Lair:4:   beast_lair_carwin_large_4, layout_regular_city,
          chequers_serial_rivers_small_3, bobbens_dragon_lair_wall
Lair:5:   layout_concentric_octagons, slime_altar_1, ice2_lemuel
Lair:6:   hangedman_lair_tendril_chambers, layout_concentric_octagons
Snake:1:  gammafunk_its_a_trap, layout_misc_corridors,
          hangedman_snake_corridor_cut
Orc:1:    layout_caves, lightli_orcish_oven, uniq_erica
Orc:2:    grunt_orc_community_town_hall, layout_diamond_mine,
          grunt_orc_community_big_house_2, grunt_orc_community_big_house_2,
          grunt_orc_community_house_3, grunt_orc_community_house_3,
          grunt_orc_community_house_2, grunt_orc_community_house_1,
          grunt_orc_community_house_3, grunt_orc_community_house_2,
          portal_ice_cave_entry_pillars_1, serial_shops, nicolae_shop_trees,
          rock_pile, uniq_maurice
Depths:1: layout_gridlike, grunt_hell_entry_dis_old, okawaru_ov_weapons_minmay,
          minmay_room_of_horrors, minmay_shattered_shrine
Depths:2: kennysheep_spiral_hall, layout_cave_pools, enter_ziggurat_c,
          nicolae_two_hexagons, hell_entry, hangedman_decor_opposing,
          hangedman_decor_push, infiniplex_staircase_pillars_1

Skill      XL: |  1  2  3  4  5  6  7  8  9 10 11 12 13 14 15 16 17 |
---------------+----------------------------------------------------+-----
Conjurations   | 2 3 4 5 6 7 8 9 |  9.8
Summonings     | 2 3 4 5 6 7 8 9 |  9.8
Translocations | 2 3 4 5 6 7 8 9 |  9.8
Invocations    | 1 2 3 4 5 6 7 8 9 10 11 12 | 12.1
Fighting       | 1 2 3 4 5 6 7 8 9 10 11 | 11.2
Short Blades   | 1 2 3 4 5 6 7 8 9 10 11 | 11.2
Long Blades    | 1 2 3 4 5 6 7 8 9 10 11 | 11.2
Axes           | 1 2 3 4 5 6 7 8 9 10 11 | 11.2
Maces & Flails | 1 2 3 4 5 6 7 8 9 10 11 | 11.2
Polearms       | 1 2 3 4 5 6 7 8 9 10 11 | 11.2
Staves         | 1 2 3 4 5 6 7 8 9 10 11 | 11.2
Slings         | 1 2 3 4 5 6 7 8 9 10 11 | 11.2
Bows           | 1 2 3 4 5 6 7 8 9 10 11 | 11.2
Crossbows      | 1 2 3 4 5 6 7 8 9 10 11 | 11.2
Throwing       | 1 2 3 4 5 6 7 8 9 10 11 | 11.2
Armour         | 1 2 3 4 5 6 7 8 9 10 11 | 11.2
Shields        | 1 2 3 4 5 6 7 8 9 10 11 | 11.2
Unarmed Combat | 1 2 3 4 5 6 7 8 9 10 11 | 11.2
Evocations     | 1 2 3 4 5 6 7 8 9 10 11 | 11.2
Hexes          | 1 2 3 4 5 6 7 8 9 |  9.5
Charms         | 1 2 3 4 5 6 7 8 9 |  9.5
Necromancy     | 1 2 3 4 5 6 7 8 9 |  9.5
Transmutations | 1 2 3 4 5 6 7 8 9 |  9.5
Fire Magic     | 1 2 3 4 5 6 7 8 9 |  9.5
Ice Magic      | 1 2 3 4 5 6 7 8 9 |  9.5
Air Magic      | 1 2 3 4 5 6 7 8 9 |  9.5
Earth Magic    | 1 2 3 4 5 6 7 8 9 |  9.5
Poison Magic   | 1 2 3 4 5 6 7 8 9 |  9.5
Dodging        | 5 6 7 8 9 10 11 12 | 12.0
Stealth        | 5 6 7 8 9 10 11 | 11.9
Spellcasting   | 8 9 10 11 12 13 | 13.0

Action                   |  1- 3 |  4- 6 |  7- 9 | 10-12 | 13-15 | 16-18 || total
-------------------------+-------+-------+-------+-------+-------+-------++-------
Melee: Unarmed           |     2 |       |       |       |       |       ||     2
       Flail             |    20 |    31 |   145 |       |       |       ||   196
       Bite              |     2 |     1 |    16 |    10 |    11 |    14 ||    54
       Headbutt          |       |       |    27 |    17 |    28 |    17 ||    89
       Whip              |       |       |    71 |    40 |       |       ||   111
       Bardiche          |       |       |       |    63 |     7 |       ||    70
       Demon blade       |       |       |       |       |   126 |    85 ||   211
       Punch             |       |       |       |       |     1 |       ||     1
       Staff             |       |       |       |       |     1 |       ||     1
Throw: Dart              |     2 |     9 |    15 |       |       |       ||    26
 Cast: Magic Dart        |    85 |    61 |   291 |       |       |       ||   437
       Mephitic Cloud    |     1 |     5 |    15 |    22 |       |       ||    43
       Conjure Flame     |       |     3 |     8 |    13 |       |       ||    24
       Call Imp          |       |       |     3 |     7 |       |       ||    10
       Blink             |       |       |     2 |    10 |     8 |       ||    20
       Foxfire           |       |       |   131 |   197 |       |       ||   328
       Fireball          |       |       |       |   190 |   111 |     1 ||   302
       Starburst         |       |       |       |    10 |    94 |    14 ||   118
       Bolt of Magma     |       |       |       |       |   212 |       ||   212
       Irradiate         |       |       |       |       |    11 |     7 ||    18
       Iron Shot         |       |       |       |       |   108 |   134 ||   242
       Lee's Rapid Decon |       |       |       |       |       |    41 ||    41
 Abil: Evoke Flight      |       |       |       |       |       |     1 ||     1
Evoke: Wand              |       |       |       |    33 |    13 |    14 ||    60
  Use: Scroll            |       |     1 |     8 |     8 |    12 |     3 ||    32
       Potion            |       |       |     5 |     2 |     3 |     1 ||    11
 Stab: Sleeping          |     1 |       |     1 |       |       |       ||     2
       Confused          |     1 |     2 |    11 |       |       |       ||    14
       Paralysed         |       |       |       |     1 |     2 |       ||     3
       Distracted        |       |       |       |       |     2 |       ||     2
  Eat: Chunk             |     2 |     4 |    22 |    35 |   111 |    21 ||   195
       Ration            |       |       |       |     3 |     7 |    11 ||    21
Armor: Robe              |     6 |    12 |     8 |    20 |     4 |       ||    50
       Skin              |       |       |    17 |       |       |       ||    17
       Leather armour    |       |       |    68 |       |       |       ||    68
       Ring mail         |       |       |       |       |    76 |    42 ||   118
Dodge: Dodged            |    10 |    22 |   204 |   177 |   253 |   148 ||   814
Block: Buckler           |     5 |     9 |    48 |    20 |    84 |    53 ||   219
       Rpst.: Demon blade |       |       |       |       |    23 |     8 ||    31

Table legend:
 A = Non-vault XP
 B = Vault XP
 C = Vault XP percentage of total XP
 D = Non-vault monster count
 E = Vault monster count
 F = Vault count percentage of total count
                 A         B        C        D         E       F
            +---------+---------+-------+---------+---------+-------
      Total |  107079 |   89587 |  45.6 |     579 |     360 |  38.3
            +---------+---------+-------+---------+---------+-------
        D:1 |      20 |       0 |   0.0 |      13 |       0 |   0.0
        D:2 |      55 |      11 |  16.7 |      20 |       6 |  23.1
        D:3 |     181 |       9 |   4.7 |      28 |       6 |  17.6
        D:4 |     575 |      12 |   2.0 |      29 |       5 |  14.7
        D:5 |     627 |       0 |   0.0 |      23 |       0 |   0.0
        D:6 |     689 |     900 |  56.6 |      16 |      12 |  42.9
        D:7 |     258 |     484 |  65.2 |      15 |       3 |  16.7
        D:8 |    1044 |      13 |   1.2 |      23 |       1 |   4.2
        D:9 |    2691 |    1546 |  36.5 |      51 |      20 |  28.2
       D:10 |    2181 |    1891 |  46.4 |      14 |       5 |  26.3
       D:11 |    2644 |    4955 |  65.2 |      28 |      46 |  62.2
       D:12 |    8341 |    2436 |  22.6 |      41 |       1 |   2.4
       D:13 |    5279 |    1353 |  20.4 |      18 |       1 |   5.3
       D:14 |    9870 |    7988 |  44.7 |      37 |       8 |  17.8
       D:15 |    8633 |    6944 |  44.6 |      20 |       9 |  31.0
     Lair:1 |    3041 |     954 |  23.9 |      13 |       5 |  27.8
     Lair:2 |    2932 |     536 |  15.5 |      12 |       2 |  14.3
     Lair:3 |    3722 |    2345 |  38.7 |      17 |       9 |  34.6
     Lair:4 |    6335 |   10693 |  62.8 |      23 |      32 |  58.2
     Lair:5 |    1997 |    2894 |  59.2 |      10 |      15 |  60.0
     Lair:6 |    7789 |    9086 |  53.8 |      25 |      33 |  56.9
    Snake:1 |     884 |       1 |   0.1 |       2 |       1 |  33.3
      Orc:1 |    2211 |     952 |  30.1 |      27 |       7 |  20.6
      Orc:2 |    4984 |    8186 |  62.2 |      36 |      82 |  69.5
   Depths:1 |   28394 |   21599 |  43.2 |      35 |      26 |  42.6
   Depths:2 |    1702 |       0 |   0.0 |       3 |       0 |   0.0
      IceCv |       0 |    3799 | 100.0 |       0 |      25 | 100.0
            +---------+---------+-------+---------+---------+-------
